 Dungeon Crawl Stone Soup version 0.24-a0-445-gd5110b0 (webtiles) character file.

Game seed: 14287442987031381665

6716 science1 the Basher (level 10, -1/90 HPs)
             Began as a Minotaur Abyssal Knight on June 22, 2019.
             Was the Champion of Lugonu.
             Hit by a large rock thrown by a stone giant (37 damage)
             ... on level 10 of the Dungeon.
             The game lasted 01:15:32 (12121 turns).

science1 the Basher (Minotaur Abyssal Knight)      Turns: 12121, Time: 01:15:32

Health: -1/90      AC: 18    Str: 20    XL:     10   Next: 74%
Magic:  9/10       EV: 12    Int:  9    God:    Lugonu [******]
Gold:   387        SH:  0    Dex: 10    Spells: 9/9 levels left

rFire    . . .     SeeInvis .   v - +1 mace (protect)
rCold    + . .     Gourm    .   (no shield)
rNeg     . . .     Faith    .   k - +0 scale mail
rPois    .         Spirit   .   (helmet restricted)
rElec    .         Reflect  .   (no cloak)
rCorr    .         Harm     .   p - +0 pair of gloves
MR       .....                  y - +0 pair of boots
Stlth    ..........             (no amulet)
HPRegen  0.25/turn              u - ring of protection from cold
MPRegen  0.12/turn              (no ring)

@: protection aura, hasted, very quick
A: retaliatory headbutt, horns 2
a: Depart the Abyss, Bend Space, Banish, Corrupt, Enter the Abyss, Brand Weapon
With Distortion, Renounce Religion


You were on level 10 of the Dungeon.
You worshipped Lugonu.
Lugonu was exalted by your worship.
You were hungry.

You visited 2 branches of the dungeon, and saw 11 of its levels.
You visited the Abyss 1 time.
You also visited: Ossuary.

You collected 627 gold pieces.
You spent 240 gold pieces at shops.

Inventory:

Hand Weapons
 b - a +0 hunting sling
 v - a +1 mace of protection (weapon)
 D - a +3 trident of freezing
 F - a +0 hand axe
Missiles
 e - 218 stones (quivered)
 H - 3 atropa-tipped darts
 J - 4 sling bullets
Armour
 k - a +0 scale mail (worn)
 p - a +0 pair of gloves (worn)
 y - a +0 pair of boots (worn)
Jewellery
 a - an uncursed ring of flight {unknown}
 u - a ring of protection from cold (left hand)
 C - a +6 ring of protection {unknown}
Wands
 f - a wand of paralysis (7)
 o - a wand of flame (12)
Scrolls
 d - a scroll of blinking {unknown}
 g - 3 scrolls of enchant weapon
 j - 6 scrolls of magic mapping
 l - 3 scrolls of amnesia {unknown}
 m - 5 scrolls of remove curse
 n - 2 scrolls of immolation {unknown}
 q - 2 scrolls of fog {unknown}
 x - a scroll of noise {unknown}
 B - 3 scrolls of teleportation
 E - a scroll of enchant armour
 K - a scroll of identify
Potions
 h - a potion of brilliance {unknown}
 i - 2 potions of cancellation
 s - a potion of magic {unknown}
 t - 2 potions of resistance
 w - 2 potions of curing
 z - 7 potions of lignification
 A - 2 potions of berserk rage {unknown}
 G - a potion of haste
 I - 2 potions of mutation {unknown}
Comestibles
 c - 15 rations


   Skills:
 + Level 8.8 Fighting
 + Level 10.6 Maces & Flails
 + Level 7.9(8.5) Slings
 + Level 4.3(6.3) Throwing
 + Level 9.0 Armour
 + Level 5.0 Dodging
 + Level 1.5 Stealth
 + Level 2.0 Invocations


You had 9 spell levels left.
You didn't know any spells.
Your spell library contained the following spells:

 Spells                   Type           Power        Failure   Level  Hunger
 Animate Skeleton         Necr           N/A          69%         1    ##.....
 Apportation              Tloc           #.....       69%         1    ##.....
 Confusing Touch          Hex            #.....       69%         1    ##.....
 Summon Small Mammal      Summ           #...         69%         1    ##.....
 Call Imp                 Summ           #.......     83%         2    ###....
 Call Canine Familiar     Summ           #.......     96%         3    ####...
 Summon Guardian Golem    Hex/Summ       #.......     96%         3    ####...
 Summon Ice Beast         Ice/Summ       #.......     100%        4    #####..
 Summon Lightning Spire   Summ/Air       #.......     100%        4    #####..


Dungeon Overview and Level Annotations

Branches:
Dungeon (10/15)               Orc (1/2) D:10
 Temple: D:4-7         Lair: D:8-11

Altars:
Elyvilon
Fedhas
Qazlal
Xom

Shops:
D:5 ?

Portals:
Ice
Cave: Orc:1

Annotations:
D:5 Scroll Shop
D:6 exclusion: oklob plant
D:7 Pikel
D:10 Orcish Mines Gateway to Red Wiz, Red Troll
Orc:1 Erolcha


Innate Abilities, Weirdness & Mutations

You reflexively headbutt those who attack you in melee.
You have a pair of horns on your head.


Message History

The stone giant is lightly wounded.
The stone giant hits you.
You hit the stone giant but do no damage.
You headbutt the stone giant.
The stone giant is lightly wounded.
The stone giant hits you!!
You thump the stone giant!
You headbutt the stone giant, but do no damage.
The stone giant is moderately wounded.
You hit the stone giant.
The stone giant is moderately wounded.
The stone giant hits you!!
* * * LOW HITPOINT WARNING * * *
You hit the stone giant but do no damage.
You headbutt the stone giant, but do no damage.
The stone giant is moderately wounded.
You feel much better. The stone giant hits you. Space bends around you!
You blink.
The stone giant throws a large rock.
The large rock hits you!!!
You die...

......#..).# .. ..........
###...#....# .. ..........
..#...#....# .......###
..#..#########+### ## #......#..
..#..##...##.....##. #......+..
..#..#.....#.....#.. #......#..
..#..#....C§(.8..'.. #......#..
###..#.....#.....#.. ########..
.....##...##....@# ....
.....#######.....###### ....
...........#......<...# ........
'######....#.#####....# ........
).....#....#.# #....# .........
......#....#.# #....# ........#
......######.# #....###.......#
.............#####......#.......#
........................#.......#


You could see a stone giant.

Vanquished Creatures
  A troll (D:9)
  A queen bee (D:10)
  A wyvern (D:8)
  A hungry ghost (D:10)
  9 ice beasts
  3 sky beasts
  5 orc warriors
  A necrophage (D:9)
  A black bear (D:6)
  A slave (D:6)
  An eye of draining (D:9)
  5 ogres
  3 centaurs
  2 elf zombies (Ossuary)
  2 bullfrogs
  A gnoll sergeant (D:9)
  A water moccasin skeleton (D:8)
  A scorpion (D:4)
  16 killer bees
  4 wights (D:9)
  2 crimson imps
  3 centaur skeletons
  5 centaur zombies (Ossuary)
  5 human zombies (Ossuary)
  A gnoll shaman (D:5)
  5 orc priests
  7 hounds
  2 jellies
  Natasha (D:2)
  12 orc wizards
  7 worker ants
  A killer bee zombie (D:8)
  A hound zombie (D:9)
  2 hound skeletons
  3 mummies (Ossuary)
  A worker ant zombie (D:6)
  12 gnolls
  13 adders
  3 oozes
  5 adder skeletons
  An adder zombie (D:7)
  4 worms
  6 dart slugs
  7 leopard geckos
  45 orcs
  7 bats
  3 giant cockroaches
  9 goblins
  3 hobgoblins
  8 jackals
  7 quokkas
  A ball python (D:2)
  3 frilled lizards
  A hobgoblin zombie (D:6)
  A jackal skeleton (D:4)
  4 kobolds
  2 leopard gecko skeletons (D:6)
  A quokka skeleton (D:4)
  4 rats
268 creatures vanquished.

Notes
Turn   | Place    | Note
-------+----------+-------------------------------------------
     0 | Abyss:1  | science1 the Minotaur Abyssal Knight began the quest for
                  | the Orb.
     0 | Abyss:1  | Reached XP level 1. HP: 19/19 MP: 1/1
     2 | Abyss:1  | Found a corrupted altar of Lugonu.
    71 | D:1      | Escaped the Abyss
   298 | D:1      | Reached XP level 2. HP: 27/27 MP: 2/2
   411 | D:1      | Reached skill level 3 in Maces & Flails
   750 | D:1      | Reached ** piety under Lugonu
  1092 | D:2      | Reached XP level 3. HP: 34/34 MP: 3/3
  1255 | D:2      | Noticed Natasha
  1261 | D:2      | Killed Natasha
  1261 | D:2      | Reached skill level 1 in Throwing
  1261 | D:2      | Reached XP level 4. HP: 36/41 MP: 4/4
  1443 | D:2      | Reached skill level 4 in Maces & Flails
  2638 | D:3      | Reached XP level 5. HP: 47/47 MP: 5/5
  2800 | D:3      | Reached skill level 1 in Slings
  2801 | D:3      | Reached *** piety under Lugonu
  3341 | D:4      | Reached skill level 5 in Fighting
  3478 | D:4      | Reached XP level 6. HP: 52/56 MP: 6/6
  4493 | D:5      | Entered Level 5 of the Dungeon
  4517 | D:5      | Reached skill level 5 in Maces & Flails
  4611 | D:5      | Found a blossoming altar of Fedhas.
  4688 | D:5      | Reached XP level 7. HP: 61/61 MP: 7/7
  4735 | D:5      | Reached **** piety under Lugonu
  4904 | D:5      | Found a white marble altar of Elyvilon.
  5076 | D:5      | Found Muboischu's Magic Scroll Emporium.
  5088 | D:5      | Bought a scroll of enchant weapon for 90 gold pieces
  5088 | D:5      | Bought a scroll of teleportation for 36 gold pieces
  5088 | D:5      | Bought a scroll of identify for 24 gold pieces
  5088 | D:5      | Bought a scroll of enchant armour for 90 gold pieces
  5434 | D:7      | Noticed Pikel
  5496 | D:6      | Found a sand-covered staircase.
  5627 | Ossuary  | Entered an ossuary
  5640 | Ossuary  | Reached skill level 5 in Armour
  5655 | Ossuary  | Reached skill level 6 in Maces & Flails
  5655 | Ossuary  | Reached XP level 8. HP: 54/70 MP: 8/8
  5869 | Ossuary  | Reached skill level 5 in Slings
  5877 | Ossuary  | Reached skill level 7 in Maces & Flails
  5997 | D:6      | Reached ***** piety under Lugonu
  6406 | D:6      | Found a shimmering altar of Xom.
  6406 | D:6      | Noticed an oklob plant
  6873 | D:8      | Reached skill level 8 in Maces & Flails
  6944 | D:8      | Reached XP level 9. HP: 75/78 MP: 9/9
  6995 | D:8      | Noticed a two-headed ogre
  7011 | D:8      | Found a stormy altar of Qazlal.
  7567 | D:8      | Noticed a two-headed ogre
  7670 | D:10     | Entered Level 10 of the Dungeon
  7725 | D:10     | Reached skill level 1 in Stealth
  8666 | D:10     | Reached skill level 9 in Maces & Flails
  8953 | D:9      | Noticed a queen bee
  8966 | D:10     | Killed a queen bee
  9208 | D:9      | Reached XP level 10. HP: 79/88 MP: 1/10
 10983 | D:9      | Reached skill level 10 in Maces & Flails
 11224 | D:10     | Found a staircase to the Orcish Mines.
 11297 | Orc:1    | Entered Level 1 of the Orcish Mines
 11725 | Orc:1    | Found a frozen archway.
 11769 | Orc:1    | Reached ****** piety under Lugonu
 11893 | Orc:1    | Noticed Erolcha
 11909 | Orc:1    | Noticed an ettin
 12018 | D:10     | Reached skill level 5 in Dodging
 12111 | D:10     | Noticed a stone giant
 12121 | D:10     | Hit by a large rock thrown by a stone giant

Levels and vault maps discovered:
D:1:      dpeg_arrival_concentric_ovals, layout_loops_corners,
          minmay_misc_feat_enclosed
D:2:      kennysheep_big_flooded_room, layout_loops_ring, uniq_natasha
D:3:      layout_loops_corners, kennysheep_generic_room_11
D:4:      minmay_chambers_of_threes, layout_loops_corners, first_ration
D:5:      layout_loops_cross, lemuel_doored_altar, lemuel_crystal_altar,
          serial_shops, shop
D:6:      layout_basic, enter_ossuary_3, lemuel_oklob_altar
D:7:      layout_loops_ring, gammafunk_temple_overflow_pools,
          minmay_temple_entry_gardened_gates, minmay_unpleasant_kobolds,
          uniq_pikel, uniq_duvessa
D:8:      layout_rooms, special_room [special_room_orc], grunt_qazlal_sundering
D:9:      layout_rooms, david_nohive_1
D:10:     layout_irregular_city, erik_orc_4, minmay_three_doors
Orc:1:    layout_diamond_mine, portal_ice_cave_entry_ice_beasts,
          chequers_guarded_unrand_ignorance, uniq_erolcha

Skill      XL: |  1  2  3  4  5  6  7  8  9 10 |
---------------+-------------------------------+-----
Fighting       | 4 5 6 7 8 |  8.8
Maces & Flails | 3 4 5 6 8 9 10 | 10.6
Throwing       | 1 2 4 |  4.3
Invocations    | 2 |  2.0
Armour         | 3 4 5 6 8 9 |  9.0
Slings         | 2 3 4 5 7 |  7.9
Dodging        | 2 3 4 5 |  5.0
Stealth        | 1 |  1.5

Action                   |  1- 3 |  4- 6 |  7- 9 | 10-12 || total
-------------------------+-------+-------+-------+-------++-------
Melee: Mace              |    62 |   131 |   396 |   223 ||   812
       Headbutt          |    13 |    22 |    90 |    48 ||   173
 Fire: Hunting sling     |       |    66 |   145 |    32 ||   243
Throw: Stone             |    58 |    29 |       |    16 ||   103
       Boomerang         |       |       |     3 |    56 ||    59
Invok: Bend Space        |       |       |     1 |     1 ||     2
  Use: Scroll            |     1 |     3 |     4 |       ||     8
       Potion            |       |       |     8 |     4 ||    12
  Eat: Chunk             |     1 |    11 |    11 |     7 ||    30
       Ration            |       |       |     1 |     1 ||     2
Armor: Leather armour    |     4 |       |       |       ||     4
       Scale mail        |    24 |    81 |   259 |   144 ||   508
Dodge: Dodged            |    37 |    98 |   299 |   161 ||   595

Table legend:
 A = Non-vault XP
 B = Vault XP
 C = Vault XP percentage of total XP
 D = Non-vault monster count
 E = Vault monster count
 F = Vault count percentage of total count
                 A         B        C        D         E       F
            +---------+---------+-------+---------+---------+-------
      Total |    5849 |    3746 |  39.0 |     195 |      72 |  27.0
            +---------+---------+-------+---------+---------+-------
        D:1 |      35 |       0 |   0.0 |      17 |       0 |   0.0
        D:2 |      70 |      52 |  42.6 |      26 |       3 |  10.3
        D:3 |      73 |       2 |   2.7 |      12 |       1 |   7.7
        D:4 |     207 |     137 |  39.8 |      19 |      10 |  34.5
        D:5 |     393 |       0 |   0.0 |      13 |       0 |   0.0
        D:6 |     769 |       1 |   0.1 |      24 |       1 |   4.0
        D:7 |     168 |       0 |   0.0 |       3 |       0 |   0.0
        D:8 |     784 |       0 |   0.0 |      21 |       0 |   0.0
        D:9 |    2004 |     582 |  22.5 |      28 |       9 |  24.3
       D:10 |    1297 |    2168 |  62.6 |      28 |      32 |  53.3
      Orc:1 |      49 |     129 |  72.5 |       4 |       1 |  20.0
    Ossuary |       0 |     675 | 100.0 |       0 |      15 | 100.0
            +---------+---------+-------+---------+---------+-------
